Map: Terraform LE (Void)

Players

wabbajack

  • Race: Zerg Zerg
  • League: Gold

IIIIiiiiIIII - Winner!

  • Race: Terran Terran
  • League: Gold

VOD

Have the link to the VOD?

Description

Time

  • Played on: July 20, 2015, 8:09 a.m.
  • Length: 10:12
Show
View Real Time Build Order
Export as new Build Order

wabbajack Zerg 

Build Orders: Hatch First 

Get SALT Encoding   

  12  0:01  Drone  
  13  0:11  Drone  
  14  0:19  Overlord  
  14  0:23  Extractor  
  14  0:24  Drone  
  15  0:38  Drone x2  
  17  0:55  Hatchery  
  16  0:58  Drone  
  16  0:59  Extractor  
  16  1:03  Extractor  
  15  1:04  Drone  
  15  1:07  Drone  
  17  1:24  Spawning Pool  
  16  1:30  Drone  
  16  1:31  Drone  
  18  1:38  Drone  
  19  1:55  Overlord  
  19  2:06  Drone  
  20  2:11  Queen  
  20  2:14  Pneumatized Carapace  
  22  2:22  Baneling Nest  
  21  2:30  Metabolic Boost  
  21  2:37  Zergling x2  
  21  2:38  Zergling x2  
  21  2:39  Zergling x2  
  21  2:43  Zergling x2  
  25  2:56  Drone  
  25  2:57  Drone x2  
  28  2:58  Drone  
  29  3:23  Queen  
  29  3:25  Drone x4  
  35  3:29  Overlord  
  35  3:34  Baneling  
  35  3:35  Baneling x3  
  35  3:37  Baneling  
  35  3:38  Baneling  
  35  3:40  Baneling x2  
  35  3:50  Spine Crawler  
  30  4:23  Lair  
  30  4:25  Roach Warren  
  29  4:32  Overlord  
  29  4:33  Overlord  
  29  4:37  Drone  
  29  4:38  Drone  
  31  4:47  Overlord  
  31  4:48  Drone x4  
  35  5:08  Roach x5  
  35  5:09  Roach x3  
  53  5:14  Roach  
  53  5:32  Zergling x10  
  53  5:33  Zergling x8  
  62  5:42  Queen  
  64  5:43  Overlord x2  
  64  5:49  Zergling x8  
  68  5:54  Overlord  
  68  6:13  Baneling  
  68  6:14  Baneling x4  
  68  6:15  Baneling  
  68  6:17  Baneling x2  
  41  7:16  Hatchery  
  40  7:24  Hydralisk Den, Glial Reconstitution  
  40  7:27  Drone x6  
  40  7:29  Evolution Chamber x2  
  43  7:30  Drone x4  
  43  7:31  Drone  
  43  7:34  Extractor  
  47  7:38  Drone, Extractor  
  47  7:47  Drone  
  47  7:48  Drone x3  
  47  7:49  Drone x3  
  54  8:09  Overlord  
  54  8:10  Overlord  
  53  8:13  Roach x4  
  60  8:20  Roach x5  
  68  8:32  Spine Crawler  
  67  8:40  Zergling x4  
  53  9:14  Roach  
  53  9:15  Roach x10  
  69  9:35  Spire  
  66  9:43  Zergling x2  
  66  9:44  Zergling x10  
Show
View Real Time Build Order
Export as new Build Order

IIIIiiiiIIII Terran - Winner!

Build Orders: MMM Bio 

Get SALT Encoding   

  12  0:01  SCV  
  13  0:13  SCV  
  14  0:24  Supply Depot  
  14  0:25  SCV  
  15  0:35  Refinery  
  15  0:45  SCV  
  15  0:48  Barracks  
  16  0:57  SCV  
  17  1:09  SCV  
  18  1:19  Supply Depot  
  18  1:22  SCV  
  19  1:35  Marine  
  19  1:36  Orbital Command  
  20  1:55  Marine  
  21  2:04  Command Center  
  21  2:06  SCV  
  22  2:13  Marine  
  23  2:21  SCV, Barracks  
  24  2:23  Refinery  
  24  2:33  SCV  
  25  2:41  Marine  
  26  2:44  Bunker  
  26  2:45  SCV  
  27  2:52  Factory  
  27  2:58  SCV  
  28  2:59  Marine  
  29  3:12  Barracks Reactor  
  29  3:16  Supply Depot, Marine  
  30  3:20  Engineering Bay  
  29  3:28  Barracks, Orbital Command  
  29  3:40  Marine  
  30  3:42  Widow Mine  
  30  3:43  Bunker  
  32  4:00  Barracks  
  32  4:03  SCV x2  
  32  4:06  Barracks Tech Lab  
  34  4:15  SCV x2  
  29  4:27  SCV x2  
  31  4:34  Factory Tech Lab  
  31  4:39  SCV x2  
  33  4:51  Command Center, Supply Depot, SCV x2  
  33  4:52  Stimpack  
  35  4:53  Siege Tank, Marine x2  
  40  5:03  SCV  
  40  5:04  Supply Depot  
  41  5:12  Marine  
  41  5:13  Marine  
  43  5:15  Starport, Marine x2  
  45  5:24  SCV  
  46  5:30  SCV, Marine  
  46  5:35  Refinery  
  48  5:36  SCV  
  48  5:37  Refinery  
  49  5:47  SCV  
  49  5:48  SCV  
  49  5:49  Barracks  
  51  5:51  Missile Turret  
  51  5:55  Missile Turret  
  51  5:57  Marine x2  
  51  5:58  Marine x2  
  51  5:59  SCV  
  51  6:00  SCV, Starport Reactor  
  57  6:08  Missile Turret  
  58  6:11  SCV  
  58  6:12  Siege Tank  
  58  6:15  Marine x3  
  58  6:17  Orbital Command  
  57  6:28  SCV x2, Missile Turret  
  59  6:38  Missile Turret  
  59  6:40  SCV  
  59  6:41  Barracks Reactor  
  59  6:44  Siege Tank, Missile Turret  
  62  6:48  SCV x2  
  62  6:53  SCV  
  56  7:07  Marine x4  
  60  7:09  Medivac x2  
  60  7:15  SCV x3  
  67  7:25  Marine x3  
  67  7:27  SCV x3  
  73  7:39  SCV x3  
  73  7:40  Marine x3  
  73  7:42  Siege Tank, Medivac  
  73  7:43  Marine  
  85  7:46  Supply Depot  
  85  7:52  Engineering Bay  
  85  7:53  Armory  
  85  8:00  Supply Depot  
  85  8:03  Combat Shields  
  85  8:06  SCV  
  85  8:07  Marine x2  
  85  8:11  Marine x2  
  85  8:12  Marine x2  
  91  8:17  Medivac  
  93  8:21  Medivac  
  95  8:33  Marine x5  
  95  8:34  Marine  
  100  8:39  Supply Depot  
  101  8:44  Supply Depot  
  101  8:59  Marine x6  
  101  9:00  Medivac  
  101  9:01  Siege Tank  
  103  9:10  Medivac  
  103  9:16  Marine  
  105  9:17  Marine x5  
  111  9:30  Medivac  
  109  9:33  Siege Tank  
  109  9:34  Marine  
  109  9:35  Marine x5  
  115  9:52  Marine  
  113  9:53  Marine x5  
  118  10:04  Command Center  
Tags
 
Add a new tag
Caveats
  • Supply blocks, unpowered buildings, or Contaminate may cause inaccurate times.
  • Supply counts are checked every 10 seconds.